AoeStats
← chewbaccachainsaw

Glade

510277475Analyzed
1v1 RM · 11h ago on Sep 30, 2026· 29m 29s· 2 players
Game mode
Random Map
Map size
Tiny (2 player)
Population
200
Speed
Normal
Resources
Standard
Victory
Conquest
Starting age
Dark Age
Ending age
Imperial Age
RankedLock teamsTeams togetherTeam positionsShared explorationLock speedFull tech treeHidden civsTurbo modeCheats
Victory
Defeat
🇦🇺 Turks · Australia
1012
+15
🇦🇺 Persians · Australia
993
-15
GGeodude
10:36 Feudal Age
11:45 Double-Bit Axe
15:14 Castle Age
14:17 Horse Collar
19:18 Loom
20:39 Fletching
29:27 Bodkin Arrow
29:49 Bow Saw
chewbaccachainsaw
4:42 Loom
11:17 Feudal Age
13:29 Double-Bit Axe
19:34 Castle Age
17:57 Gold Mining
19:10 Fletching
20:32 Scale Barding Armor
26:15 Bloodlines
30:11 Wheelbarrow
Connection lost

Rejoining the realm…

Still unreachable

The connection could not be restored.

Session expired

The server has moved on; the page needs a fresh start.